General information
- name: BNet
- type: Ladder team game (AT/RT)
- host: Battle.net
- saver: SoloHero
map: Friends
- players: 8
- length: 43:36
- speed: Fast
- version: 1.26 W3XP
- replay type: Public
» download(269 KB)
Players
team 1 (loser)
miniraeace (
red | 22 APM | 470 actions | 21:50)
4 Pit Lord
2 Rain of Fire
2 Cleaving Attack
» actions
| Build / train | 28 | |
| Enter build submenu | 11 | |
| Enter hero's abilities submenu | 4 | |
| Right click | 261 | |
| Select / deselect | 142 | |
| Use ability | 24 | |
470 total
» units
| Acolyte | 5 | |
| Ghoul | 3 | |
| Crypt Fiend | 7 | |
15 total
» upgrades
| Creature Carapace | 1 | |
| Web | 1 | |
| Burrow | 1 | |
3 total
» buildings
| Altar of Darkness | 1 | |
| Ziggurat | 4 | |
| Crypt | 2 | |
| Graveyard | 1 | |
| Tomb of Relics | 1 | |
| Nerubian Tower | 1 | |
| Halls of the Dead | 1 | |
| Spirit Tower | 1 | |
12 total
» build order
01:11 Altar of Darkness
01:14 Ziggurat
01:21 Crypt
01:27 Graveyard
01:38 Tomb of Relics
02:12 Nerubian Tower
02:24 Crypt
03:44 Ziggurat
03:47 Ziggurat
03:49 Ziggurat
04:47 Halls of the Dead
08:21 Spirit Tower
» items
chiefuberguy (
teal | 17 APM | 496 actions | 28:55)
2 Blademaster
1 Wind Walk
1 Critical Strike
» actions
| Build / train | 42 | |
| Enter build submenu | 22 | |
| Enter hero's abilities submenu | 2 | |
| Remove unit from queue | 2 | |
| Right click | 177 | |
| Select / deselect | 222 | |
| Use ability | 29 | |
496 total
» units
| Peon | 6 | |
| Grunt | 5 | |
| Troll Headhunter/Berserker | 11 | |
22 total
» upgrades
| Armor | 1 | |
| Ranged Weapons | 2 | |
| Spiked Barricades | 3 | |
| Pillage | 1 | |
| Berserker Strength | 1 | |
| Melee Weapons | 2 | |
| Reinforced Defenses | 1 | |
| Berserker Upgrade | 1 | |
12 total
» buildings
| Orc Burrow | 7 | |
| Altar of Storms | 1 | |
| War Mill | 1 | |
| Barracks | 3 | |
| Stronghold | 1 | |
| Watch Tower | 8 | |
| Fortress | 1 | |
22 total
» build order
00:22 Orc Burrow
00:32 Altar of Storms
01:44 War Mill
03:11 Barracks
04:54 Orc Burrow
05:00 Stronghold
06:18 Watch Tower
06:51 Barracks
07:03 Barracks
08:21 Orc Burrow
08:27 Orc Burrow
08:32 Orc Burrow
08:43 Orc Burrow
12:04 Fortress
12:34 Watch Tower
12:44 Watch Tower
14:33 Watch Tower
16:39 Watch Tower
17:13 Watch Tower
18:10 Watch Tower
19:21 Watch Tower
22:39 Orc Burrow
Debaser (
pink | 102 APM | 4468 actions | 43:35)
8 Blademaster
3 Wind Walk
3 Critical Strike
2 Bladestorm
1 Shadow Hunter
1 Hex
» actions
| Assign group hotkey | 174 | |
| Basic commands | 11 | |
| Build / train | 99 | |
| Enter build submenu | 33 | |
| Enter hero's abilities submenu | 9 | |
| Give item / drop item | 6 | |
| Remove unit from queue | 4 | |
| Right click | 2081 | |
| Select / deselect | 609 | |
| Select group hotkey | 1159 | |
| Use ability | 283 | |
4468 total
» units
| Peon | 31 | |
| Grunt | 4 | |
| Wind Rider | 2 | |
| Goblin Zeppelin | 1 | |
| Troll Batrider | 15 | |
| Goblin Shredder | 1 | |
54 total
» upgrades
| Ranged Weapons | 2 | |
| Armor | 1 | |
| Troll Regeneration | 1 | |
4 total
» buildings
| Orc Burrow | 6 | |
| Altar of Storms | 1 | |
| Barracks | 1 | |
| Voodoo Lounge | 2 | |
| War Mill | 1 | |
| Stronghold | 1 | |
| Watch Tower | 11 | |
| Beastiary | 4 | |
| Fortress | 1 | |
| Great Hall | 2 | |
30 total
» build order
00:17 Orc Burrow
00:44 Altar of Storms
01:06 Barracks
01:22 Orc Burrow
01:47 Voodoo Lounge
02:22 War Mill
03:19 Stronghold
03:42 Watch Tower
04:53 Orc Burrow
04:56 Watch Tower
04:58 Watch Tower
06:12 Beastiary
06:12 Beastiary
06:59 Orc Burrow
08:19 Fortress
08:44 Orc Burrow
09:12 Orc Burrow
11:10 Great Hall
12:00 Beastiary
14:54 Voodoo Lounge
17:44 Watch Tower
17:44 Watch Tower
17:44 Watch Tower
17:47 Watch Tower
18:01 Watch Tower
18:03 Watch Tower
18:05 Watch Tower
18:07 Watch Tower
20:18 Great Hall
21:08 Beastiary
» items
| Healing Salve | 5 | |
| Potion of Healing | 3 | |
| Scroll of Town Portal | 2 | |
| Orb of Lightning | 1 | |
| Potion of Mana | 1 | |
| Lesser Clarity Potion | 3 | |
| Ankh of Reincarnation | 2 | |
| Runed Bracers | 2 | |
| Boots of Quel'Thalas +6 | 2 | |
| Scourge Bone Chimes | 1 | |
| Inferno Stone | 2 | |
| Tiny Great Hall | 1 | |
25 total
MESSERROUNDER (
yellow | 61 APM | 2652 actions | 43:35)
5 Blademaster
3 Wind Walk
2 Critical Strike
5 Shadow Hunter
2 Hex
3 Healing Wave
» actions
| Assign group hotkey | 33 | |
| Basic commands | 7 | |
| Build / train | 91 | |
| Enter build submenu | 40 | |
| Enter hero's abilities submenu | 10 | |
| Give item / drop item | 4 | |
| Right click | 1139 | |
| Select / deselect | 375 | |
| Select group hotkey | 689 | |
| Use ability | 264 | |
2652 total
» units
| Peon | 22 | |
| Grunt | 6 | |
| Goblin Shredder | 2 | |
| Raider | 4 | |
| Troll Batrider | 10 | |
| Goblin Zeppelin | 1 | |
| Wind Rider | 3 | |
48 total
» upgrades
| Ensnare | 1 | |
| Melee Weapons | 3 | |
| Reinforced Defenses | 1 | |
| Armor | 1 | |
| Ranged Weapons | 2 | |
| Shaman Training | 1 | |
9 total
» buildings
| Altar of Storms | 3 | |
| Orc Burrow | 11 | |
| Barracks | 1 | |
| Voodoo Lounge | 3 | |
| Stronghold | 6 | |
| War Mill | 3 | |
| Beastiary | 8 | |
| Fortress | 4 | |
| Watch Tower | 33 | |
| Great Hall | 5 | |
| Spirit Lodge | 1 | |
78 total
» build order
00:09 Altar of Storms
00:21 Orc Burrow
00:38 Barracks
01:33 Orc Burrow
01:55 Voodoo Lounge
03:08 Stronghold
03:37 Orc Burrow
04:59 War Mill
05:40 Beastiary
05:46 Orc Burrow
06:32 Beastiary
06:35 Fortress
06:49 Watch Tower
06:49 Watch Tower
06:50 Watch Tower
06:50 Watch Tower
08:49 Voodoo Lounge
11:18 Watch Tower
11:18 Watch Tower
11:19 Watch Tower
11:19 Watch Tower
11:20 Watch Tower
11:21 Watch Tower
11:21 Watch Tower
12:31 Orc Burrow
13:33 Great Hall
17:30 Watch Tower
17:30 Watch Tower
17:30 Watch Tower
17:31 Watch Tower
17:31 Watch Tower
17:31 Watch Tower
19:05 Stronghold
19:11 Beastiary
19:12 Beastiary
19:12 Beastiary
19:40 Orc Burrow
19:41 Orc Burrow
20:04 Voodoo Lounge
21:07 Orc Burrow
21:07 Orc Burrow
21:23 Orc Burrow
21:23 Orc Burrow
23:00 Watch Tower
23:29 Watch Tower
23:29 Watch Tower
23:30 Watch Tower
23:31 Watch Tower
23:31 Watch Tower
23:33 Watch Tower
23:35 Watch Tower
28:07 Great Hall
29:21 Great Hall
29:30 War Mill
30:58 Altar of Storms
31:18 Great Hall
31:39 War Mill
32:59 Watch Tower
33:00 Watch Tower
33:00 Watch Tower
33:00 Watch Tower
33:01 Watch Tower
33:02 Watch Tower
33:03 Watch Tower
34:43 Stronghold
34:43 Stronghold
34:44 Stronghold
35:04 Altar of Storms
35:40 Great Hall
37:10 Fortress
37:10 Fortress
38:52 Spirit Lodge
42:42 Beastiary
42:43 Beastiary
42:43 Beastiary
» items
| Healing Salve | 4 | |
| Scroll of Town Portal | 1 | |
| Lesser Clarity Potion | 2 | |
7 total
team 2 (winner)

»
PlayerI (
green | 45 APM | 1254 actions | 28:08)
7 Keeper of the Grove
3 Entangling Roots
3 Thorns Aura
1 Tranquility
» actions
| Assign group hotkey | 19 | |
| Basic commands | 65 | |
| Build / train | 81 | |
| Enter build submenu | 23 | |
| Enter hero's abilities submenu | 7 | |
| Remove unit from queue | 4 | |
| Right click | 334 | |
| Select / deselect | 329 | |
| Select group hotkey | 345 | |
| Use ability | 47 | |
1254 total
» units
| Wisp | 22 | |
| Archer | 18 | |
| Hippogryph | 6 | |
| Chimaera | 6 | |
| Faerie Dragon | 1 | |
53 total
» upgrades
| Improved Bows | 1 | |
| Hippogryph Taming | 1 | |
| Strength of the Wild | 3 | |
| Reinforced Hides | 3 | |
| Corrosive Breath | 1 | |
| Nature's Blessing | 1 | |
| Marksmanship | 1 | |
| Strength of the Moon | 1 | |
| Moon Armor | 1 | |
13 total
» buildings
| Altar of Elders | 1 | |
| Moon Well | 7 | |
| Ancient of War | 3 | |
| Tree of Ages | 1 | |
| Ancient of Wind | 2 | |
| Ancient of Wonders | 1 | |
| Hunter's Hall | 1 | |
| Tree of Eternity | 1 | |
| Chimaera Roost | 2 | |
| Tree of Life | 1 | |
| Ancient of Lore | 3 | |
23 total
» build order
00:07 Altar of Elders
00:19 Moon Well
00:43 Ancient of War
02:12 Moon Well
02:26 Tree of Ages
03:15 Moon Well
03:48 Moon Well
04:50 Ancient of Wind
05:11 Ancient of Wonders
06:14 Ancient of Wind
06:17 Hunter's Hall
06:20 Tree of Eternity
07:50 Moon Well
09:14 Chimaera Roost
09:29 Chimaera Roost
10:46 Moon Well
12:14 Moon Well
14:54 Tree of Life
21:04 Ancient of War
21:06 Ancient of War
25:48 Ancient of Lore
25:49 Ancient of Lore
25:50 Ancient of Lore
» items
lord_ikeus (
purple | 115 APM | 3239 actions | 28:03)
6 Death Knight
3 Death Coil
2 Unholy Aura
1 Animate Dead
4 Lich
2 Frost Nova
2 Dark Ritual
» actions
| Assign group hotkey | 59 | |
| Basic commands | 161 | |
| Build / train | 56 | |
| Enter build submenu | 17 | |
| Enter hero's abilities submenu | 10 | |
| Right click | 2113 | |
| Select / deselect | 267 | |
| Select group hotkey | 449 | |
| Use ability | 107 | |
3239 total
» units
| Acolyte | 4 | |
| Ghoul | 3 | |
| Crypt Fiend | 2 | |
| Frost Wyrm | 13 | |
22 total
» upgrades
| Creature Attack | 3 | |
| Creature Carapace | 2 | |
| Freezing Breath | 1 | |
6 total
» buildings
| Crypt | 1 | |
| Altar of Darkness | 1 | |
| Ziggurat | 7 | |
| Graveyard | 1 | |
| Tomb of Relics | 1 | |
| Nerubian Tower | 1 | |
| Halls of the Dead | 5 | |
| Spirit Tower | 1 | |
| Black Citadel | 1 | |
| Sacrificial Pit | 1 | |
| Boneyard | 2 | |
22 total
» build order
00:15 Crypt
00:18 Altar of Darkness
00:33 Ziggurat
00:57 Graveyard
01:13 Tomb of Relics
01:27 Nerubian Tower
01:49 Ziggurat
03:04 Halls of the Dead
03:05 Halls of the Dead
03:05 Halls of the Dead
03:05 Halls of the Dead
05:03 Spirit Tower
05:09 Ziggurat
05:28 Black Citadel
06:14 Sacrificial Pit
07:56 Boneyard
07:59 Boneyard
08:37 Ziggurat
08:41 Ziggurat
12:19 Ziggurat
19:57 Ziggurat
» items
| Rod of Necromancy | 1 | |
| Dust of Appearance | 1 | |
| Potion of Healing | 1 | |
| Potion of Mana | 2 | |
5 total
Younion (
blue | 32 APM | 1415 actions | 43:35)
5 Demon Hunter
1 Mana Burn
3 Evasion
1 Immolation
2 Warden
1 Blink
1 Fan of Knives
» actions
| Assign group hotkey | 8 | |
| Basic commands | 24 | |
| Build / train | 77 | |
| ESC pressed | 5 | |
| Enter build submenu | 35 | |
| Enter hero's abilities submenu | 7 | |
| Remove unit from queue | 1 | |
| Right click | 621 | |
| Select / deselect | 461 | |
| Select group hotkey | 20 | |
| Use ability | 156 | |
1415 total
» units
| Wisp | 26 | |
| Archer | 5 | |
| Druid of the Claw | 19 | |
| Dryad | 6 | |
56 total
» upgrades
| Strength of the Wild | 3 | |
| Reinforced Hides | 3 | |
| Druid of the Claw Training | 2 | |
| Mark of the Claw | 1 | |
| Well Spring | 1 | |
10 total
» buildings
| Altar of Elders | 2 | |
| Moon Well | 10 | |
| Ancient of War | 1 | |
| Hunter's Hall | 1 | |
| Ancient Protector | 11 | |
| Tree of Ages | 1 | |
| Tree of Life | 1 | |
| Ancient of Lore | 4 | |
| Tree of Eternity | 1 | |
32 total
» build order
00:09 Altar of Elders
00:16 Moon Well
00:45 Ancient of War
01:24 Moon Well
02:06 Hunter's Hall
02:54 Moon Well
03:12 Ancient Protector
03:25 Ancient Protector
03:38 Ancient Protector
03:54 Ancient Protector
04:15 Ancient Protector
05:12 Tree of Ages
05:53 Tree of Life
07:00 Ancient Protector
07:50 Ancient of Lore
08:26 Ancient of Lore
09:03 Ancient of Lore
10:41 Tree of Eternity
11:47 Moon Well
12:54 Moon Well
14:00 Moon Well
23:35 Moon Well
23:38 Moon Well
33:09 Altar of Elders
33:48 Ancient Protector
33:50 Ancient Protector
33:52 Ancient Protector
33:55 Ancient Protector
33:58 Ancient Protector
34:08 Ancient of Lore
35:27 Moon Well
35:28 Moon Well
SoloHero (
orange | 76 APM | 3303 actions | 43:36)
4 Warden
2 Fan of Knives
2 Blink
» actions
| Assign group hotkey | 36 | |
| Basic commands | 260 | |
| Build / train | 90 | |
| ESC pressed | 4 | |
| Enter build submenu | 45 | |
| Enter hero's abilities submenu | 4 | |
| Right click | 1390 | |
| Select / deselect | 524 | |
| Select group hotkey | 608 | |
| Use ability | 342 | |
3303 total
» units
| Wisp | 38 | |
| Hippogryph | 10 | |
| Chimaera | 12 | |
60 total
» upgrades
| Ultravision | 2 | |
| Nature's Blessing | 1 | |
| Well Spring | 1 | |
| Strength of the Wild | 3 | |
| Reinforced Hides | 3 | |
| Hippogryph Taming | 1 | |
| Druid of the Talon Training | 2 | |
| Corrosive Breath | 1 | |
| Backpack | 1 | |
| Mark of the Talon | 1 | |
16 total
» buildings
| Altar of Elders | 1 | |
| Moon Well | 12 | |
| Hunter's Hall | 1 | |
| Ancient Protector | 13 | |
| Tree of Ages | 3 | |
| Ancient of Wonders | 1 | |
| Tree of Eternity | 2 | |
| Tree of Life | 1 | |
| Ancient of Wind | 4 | |
| Chimaera Roost | 4 | |
42 total
» build order
00:05 Altar of Elders
00:11 Moon Well
01:31 Hunter's Hall
01:46 Moon Well
02:16 Moon Well
02:31 Moon Well
03:30 Ancient Protector
03:37 Ancient Protector
03:50 Ancient Protector
04:57 Tree of Ages
04:58 Tree of Ages
05:26 Ancient Protector
05:27 Ancient Protector
05:30 Ancient Protector
05:36 Ancient Protector
06:20 Ancient of Wonders
07:39 Tree of Eternity
07:39 Tree of Eternity
09:22 Moon Well
09:23 Moon Well
09:25 Moon Well
12:16 Tree of Life
12:42 Ancient Protector
12:46 Ancient Protector
13:31 Ancient of Wind
13:33 Ancient of Wind
16:34 Chimaera Roost
16:37 Chimaera Roost
21:02 Moon Well
21:03 Moon Well
21:32 Moon Well
21:34 Moon Well
21:39 Moon Well
22:25 Ancient of Wind
22:28 Ancient of Wind
22:34 Chimaera Roost
22:36 Chimaera Roost
23:14 Ancient Protector
23:20 Ancient Protector
33:36 Ancient Protector
33:40 Ancient Protector
» items
| Orb of Venom | 1 | |
| Staff of Preservation | 1 | |
2 total
Chat log
(00:06 / All) Debaser: this charming map
(00:10 / All) lord_ikeus: :)))
(00:19 / All) miniraeace: my pants are on fire
(00:22 / All) miniraeace: what should i do
(00:22 / Allies) Younion: they have 3 orc
(00:25 / Allies) Younion: be prepared for BM
(00:30 / All) Debaser: you should stop asking that question
(00:32 / All) MESSERROUNDER: blasphemy
(00:32 / All) Debaser: for real bro
(00:43 / All) miniraeace: ....
(00:46 / All) miniraeace: roar
(00:49 / All) miniraeace: i'm a lion
(00:53 / All) miniraeace: grrrr
(00:56 / All) miniraeace: i'm a tiger
(00:59 / All) miniraeace: brrrr
(01:03 / All) Debaser: I'm not trying to be mean but you're a goof
(01:04 / All) miniraeace: i'm a canadian
(01:42 / Allies) lord_ikeus: make towers
(02:34 / All) miniraeace: let me suck your blood
(03:12 / Allies) lord_ikeus: nice
(03:13 / All) Debaser: he has 2500 games on this account
(03:35 / All) miniraeace: you see me hunting, you see me hunting
(03:41 / All) SoloHero: canada doesn't hunt
(04:04 / All) miniraeace: i dont talk with fireflys
(04:30 / All) chiefuberguy: lol
(04:35 / All) miniraeace: prob
(05:19 / All) miniraeace: solo hero why you attack and run? You thinkyou good or somthing
(05:21 / Allies) PlayerI: wtf
(07:03 / Allies) PlayerI: what's the point????
(07:13 / All) miniraeace: i'm under apperciated.....
(08:32 / Allies) lord_ikeus: need a heal
(08:33 / All) miniraeace: are you on drugs solo?
(08:33 / Allies) lord_ikeus: sry
(09:00 / Allies) lord_ikeus: gogo
(10:46 / All) SoloHero: I can't believe that actually worked
(10:51 / All) Younion: ^
(11:04 / All) miniraeace: well two of us are creeping...
(11:10 / All) miniraeace: level ones...
(12:15 / All) miniraeace: i new i was in deep when i saw their builds....
(12:27 / All) lord_ikeus: ahha
(13:42 / All) miniraeace: good obs
(13:47 / All) miniraeace: that was pro of you
(17:42 / Allies) lord_ikeus: why ?
(21:59 / All) Debaser: wasted my bats
(22:01 / Allies) PlayerI: still not quit lol
(22:37 / Allies) lord_ikeus: can u heal my wyrm=
(22:53 / Allies) lord_ikeus: thx
(22:58 / Allies) Younion: yeap
(24:03 / All) Debaser: |lawl
(24:04 / All) Debaser: shit
(24:10 / All) Younion: oh hai
(24:11 / All) Debaser: I was expecting to tp to teals base
(24:15 / All) Debaser: great
(24:50 / Allies) lord_ikeus: lol
(25:06 / Allies) PlayerI: wtf oj
(26:13 / Allies) PlayerI: fuck you oj
(26:20 / Allies) PlayerI: u know what it is?
(26:27 / Allies) PlayerI: it's like sucking your own dick
(26:48 / Allies) PlayerI: gay people with no life playing with 2 computers and his own dick
(26:56 / Allies) lord_ikeus: gold plz
(27:37 / Allies) PlayerI: just go suck more of your own dick and go to hell
(27:38 / Allies) lord_ikeus: lol '?
(27:42 / All) SoloHero: green has funny rage this game
(27:59 / Allies) lord_ikeus: ok stop
(27:59 / Allies) PlayerI: oj is a dick fuck
(28:21 / All) MESSERROUNDER: THEY LEFT LAWL
(28:23 / All) Younion: I don't get it
(28:27 / All) Younion: why is everyone mad at oj? :P
(28:30 / All) SoloHero: TIME FOR YOU TO ALL LEAVE LOL
(29:11 / All) Younion: oh thats why
(29:43 / All) SoloHero: i can't believe I pulled this off
(29:51 / All) MESSERROUNDER: YES it was one for hte record books
(30:06 / All) SoloHero: that was a sick rush at the satrt even though it hurt turncoat
(30:16 / All) SoloHero: since he couldn't do much about it
(30:20 / All) Debaser: I couldn't blieve you weanted to expo there
(30:35 / All) Debaser: they could just tp to my base lol
(30:39 / All) Debaser: awful idea
(31:03 / All) Debaser: then I made huge blunder double clicking tp and expecting to land in teal's base
(31:10 / All) SoloHero: he trying to make dryads
(31:15 / All) SoloHero: what ne unit counters them
(31:18 / All) SoloHero: I don't play this shitty race
(31:27 / All) Debaser: where
(31:29 / All) MESSERROUNDER: bears archers
(31:31 / All) SoloHero: his base bot mid
(31:35 / All) Debaser: kill his food source
(31:45 / All) Debaser: and lores
(31:48 / All) SoloHero: careful
(32:00 / All) MESSERROUNDER: hes using my heros lolz
(32:07 / All) SoloHero: if he kills my base it only does me a service because it ends it faster
(32:36 / All) Debaser: micro your stuff
(33:24 / All) SoloHero: NICE TRY
(33:31 / All) Younion: /shrug
(34:02 / All) MESSERROUNDER: he left
(34:46 / All) SoloHero: run your bears away so I can just hall you
(34:51 / All) SoloHero: roar me please
(35:14 / All) Debaser: whoops
(35:44 / All) SoloHero: 41/0
(35:59 / All) MESSERROUNDER: blue you are delaying the inevitable sir
(36:07 / All) Younion: don't casre
(36:33 / All) Debaser: gold bro
(36:51 / All) Younion: what happens next? oj kills himself or lets you guys kill him?
(36:58 / All) SoloHero: I kill myself once you are finished
(37:00 / All) Debaser: you get loss bro
(37:17 / All) SoloHero: I have no clue how I beat my team in time
(37:20 / All) MESSERROUNDER: turncoat can buy orc hall in 2 min
(37:41 / All) Debaser: don't it plant for me
(37:45 / All) Debaser: if I use your hero
(37:56 / All) MESSERROUNDER: we shall find out
(37:59 / All) SoloHero: YES HIDE WISPS PLEASE
(38:14 / All) Younion: alt tabbin
(38:16 / All) Younion: have fun
(38:20 / All) MESSERROUNDER: sur eu are lolz
(39:17 / All) MESSERROUNDER: oops sorry
(39:29 / All) SoloHero: killing my shit now
(39:42 / All) Debaser: I would have been level 10 20 minutes ago if my first hero didn't die
(39:43 / All) MESSERROUNDER: its har dto get much closer than we got lolz
(39:46 / All) MESSERROUNDER: teal actually helped out a lot
(39:48 / All) MESSERROUNDER: distracted green
(40:15 / All) Debaser: I can't even use it
(40:25 / All) Debaser: you have to plant it
(40:27 / All) MESSERROUNDER: should have bought it with teal?
(40:31 / All) Debaser: oh
(40:39 / All) Debaser: put it on teal
(40:58 / All) Debaser: makes it for teal
(41:25 / All) MESSERROUNDER: red was level 30 and the worst player in this game
(41:41 / All) Debaser: don'ty know how he has 2500 games played on that account
(41:58 / All) MESSERROUNDER: /stats trueheart he has more games than dorian
(42:11 / All) SoloHero: take care of my wells
(42:12 / All) MESSERROUNDER: 'thats the grandpa who lets his kids play
(42:13 / All) SoloHero: at top mid
(42:15 / All) SoloHero: near red's old base
(42:26 / All) Debaser: where else you need us
(42:32 / All) SoloHero: nothing, down to my last buildings
(42:52 / All) SoloHero: 2 protectors left I think and the wells
(42:55 / All) SoloHero: any last words?
(43:04 / All) MESSERROUNDER: we know u aint afk blue
(43:14 / All) SoloHero: This was a great game
(43:20 / All) SoloHero: I am glad you convinced me to play, Turncoat